| TOP OF THE 1ST |
|
Greenwood Grizzlies batting - Pitching for Greenville Spinners : RHP Robert Hussey
|
|
Pitching: RHP Robert Hussey
|
|
|
Batting: RHB Dave Gallagher
|
0-0: Ball 1-0: Called Strike 1-1: Called Strike 1-2: Foul Ball, location: 2F 1-2: Ball 2-2: Foul Ball, location: 2F 2-2: Ground out 4-3 (Groundball, 4, EV 92.5 MPH)
|
|
Batting: LHB John Flammang
|
0-0: Ground out 4-3 (Groundball, 4, EV 91.3 MPH)
|
|
Batting: LHB Mike Greenwell
|
0-0: Ball 1-0: Ball 2-0: Ball 3-0: Base on Balls
|
|
Batting: RHB Alfonso Gomez
|
0-0: Foul Ball, location: 2F 0-1: SINGLE (Groundball, 4D, EV 104.4 MPH) Mike Greenwell to second Runner from 2nd tries for 3rd, SAFE, no throw by RF
|
|
Batting: LHB Daryl Boston
|
0-0: Called Strike 0-1: Ball 1-1: Swinging Strike 1-2: Strikes out swinging
|
| Top of the 1st over - 0 runs, 1 hit, 0 errors, 2 left on base; Greenwood 0 - Greenville 0 |
| BOTTOM OF THE 1ST |
|
Greenville Spinners batting - Pitching for Greenwood Grizzlies : RHP Juan Cardona
|
|
Pitching: RHP Juan Cardona
|
|
|
Batting: RHB Tony Russell
|
0-0: Ball 1-0: Called Strike 1-1: Ball 2-1: Called Strike 2-2: Fly out, F9 (Flyball, 9LS, EV 95.6 MPH)
|
|
Batting: RHB Byron Peyton
|
0-0: Called Strike 0-1: Ball 1-1: Ball 2-1: Reached on error, E6 (Groundball, 6, EV 105.6 MPH)
|
|
Batting: RHB Bobby Miscik
|
0-0: Ball 1-0: Ball 2-0: Fly out, F9 (Flyball, 9LM, EV 86.9 MPH)
|
|
Batting: LHB John Edmonds
|
0-0: Called Strike 0-1: Ball 1-1: Ball 2-1: Ball 3-1: Ground out U3 (Groundball, 3, EV 108.8 MPH)
|
| Bottom of the 1st over - 0 runs, 0 hits, 1 error, 1 left on base; Greenwood 0 - Greenville 0 |
| TOP OF THE 2ND |
|
Greenwood Grizzlies batting - Pitching for Greenville Spinners : RHP Robert Hussey
|
|
Batting: RHB Robert Weirum
|
0-0: Fly out, F8 (Flyball, 8RS, EV 81.9 MPH)
|
|
Batting: RHB Jim Sherman
|
0-0: Ball 1-0: Ball 2-0: Foul Ball, location: 2F 2-1: Foul Ball, location: 2F 2-2: Foul Ball, location: 2F 2-2: Strikes out swinging
|
|
Batting: RHB Frank Castro
|
0-0: Called Strike 0-1: Ball 1-1: Fly out, F9 (Flyball, 89M, EV 76.9 MPH)
|
| Top of the 2nd over - 0 runs, 0 hits, 0 errors, 0 left on base; Greenwood 0 - Greenville 0 |
| BOTTOM OF THE 2ND |
|
Greenville Spinners batting - Pitching for Greenwood Grizzlies : RHP Juan Cardona
|
|
Batting: RHB Richard Duran
|
0-0: Ball 1-0: Foul Ball, location: 2F 1-1: Swinging Strike 1-2: Ground out 5-3 (Groundball, 56, EV 75.6 MPH)
|
|
Batting: RHB Glenn Robertson
|
0-0: Called Strike 0-1: Ball 1-1: SINGLE (Groundball, 4MD, EV 94.4 MPH)
|
|
Batting: RHB Michael McEvilly
|
0-0: Fly out, F8 (Flyball, 78S, EV 85.6 MPH)
|
|
Batting: RHB Darrell Woodard
|
0-0: Ball 1-0: Called Strike 1-1: Ball 2-1: Ball 3-1: SINGLE (Groundball, 56S, EV 65.6 MPH) (infield hit) Glenn Robertson to second
|
|
Batting: RHB Luis Salazar
|
0-0: Ball 1-0: Ground out 1-3 (Groundball, 15S, EV 67.5 MPH)
|
| Bottom of the 2nd over - 0 runs, 2 hits, 0 errors, 2 left on base; Greenwood 0 - Greenville 0 |
| TOP OF THE 3RD |
|
Greenwood Grizzlies batting - Pitching for Greenville Spinners : RHP Robert Hussey
|
|
Batting: RHB Timothy Hume
|
0-0: SINGLE (Groundball, 34D, EV 95.0 MPH)
|
|
Batting: RHB Dave Gallagher
|
0-0: Fielders Choice at 2nd, 6-4 (Groundball, 6MS, EV 81.3 MPH)
|
|
Batting: LHB John Flammang
|
0-0: Called Strike 0-1: Ball 1-1: Reached on error, E4 (Groundball, 4D, EV 83.8 MPH) Dave Gallagher to second
|
|
Batting: LHB Mike Greenwell
|
0-0: Ball 1-0: Ball 2-0: DOUBLE (Flyball, 89D, EV 88.8 MPH) Dave Gallagher scores John Flammang to third Runner from 3rd tries for Home, SAFE, throw by RF to home
|
|
Batting: RHB Alfonso Gomez
|
0-0: Foul Ball, location: 2F 0-1: 2-RUN HOME RUN (Flyball, 78XD, EV 109.4 MPH), Distance : 413 ft
|
|
Batting: LHB Daryl Boston
|
0-0: SINGLE (Line Drive, 9S, EV 96.9 MPH)
|
|
Batting: RHB Robert Weirum
|
0-0: Ball 1-0: Called Strike 1-1: Ball Daryl Boston steals 2nd base 2-1: Swinging Strike 2-2: Foul Ball, location: 2F 2-2: Ground out 2-3 (Groundball, 2L, EV 73.8 MPH) Daryl Boston to third
|
|
Batting: RHB Jim Sherman
|
0-0: Ball 1-0: Ball 2-0: Called Strike 2-1: SINGLE (Groundball, 56S, EV 56.9 MPH) (infield hit) Daryl Boston scores
|
|
Batting: RHB Frank Castro
|
0-0: Ball 1-0: Ball 2-0: Called Strike 2-1: Ball 3-1: Called Strike 3-2: SINGLE (Flyball, 6MD, EV 85.0 MPH) Jim Sherman to second Jim Sherman to third
|
|
Batting: RHB Timothy Hume
|
0-0: Foul Ball, location: 2F 0-1: SINGLE (Line Drive, 89M, EV 103.8 MPH) Jim Sherman scores Frank Castro to second Runner from 2nd tries for 3rd, SAFE, throw by RF made to third
|
|
Batting: RHB Dave Gallagher
|
0-0: Ground out 4-3 (Groundball, 34, EV 104.4 MPH)
|
| Top of the 3rd over - 6 runs, 7 hits, 1 error, 2 left on base; Greenwood 6 - Greenville 0 |
| BOTTOM OF THE 3RD |
|
Greenville Spinners batting - Pitching for Greenwood Grizzlies : RHP Juan Cardona
|
|
Batting: RHB Tony Russell
|
0-0: Ball 1-0: Ball 2-0: Fly out, F8 (Flyball, 8RD, EV 91.3 MPH)
|
|
Batting: RHB Byron Peyton
|
0-0: Ball 1-0: Called Strike 1-1: Ground out 6-3 (Groundball, 6, EV 84.4 MPH)
|
|
Batting: RHB Bobby Miscik
|
0-0: SINGLE (Line Drive, 7S, EV 100.0 MPH)
|
|
Batting: LHB John Edmonds
|
0-0: Ball 1-0: Ball 2-0: Foul Ball, location: 2F 2-1: Foul Ball, location: 2F 2-2: Strikes out looking
|
| Bottom of the 3rd over - 0 runs, 1 hit, 0 errors, 1 left on base; Greenwood 6 - Greenville 0 |
| TOP OF THE 4TH |
|
Greenwood Grizzlies batting - Pitching for Greenville Spinners : RHP Robert Hussey
|
|
Batting: LHB John Flammang
|
0-0: Called Strike 0-1: Fly out, F9 (Flyball, 9LM, EV 95.6 MPH)
|
|
Batting: LHB Mike Greenwell
|
0-0: Ball 1-0: Ball 2-0: Fly out, F5 (Popup, 15, EV 78.8 MPH)
|
|
Batting: RHB Alfonso Gomez
|
0-0: Fly out, F8 (Line Drive, 8LD, EV 98.1 MPH)
|
| Top of the 4th over - 0 runs, 0 hits, 0 errors, 0 left on base; Greenwood 6 - Greenville 0 |
| BOTTOM OF THE 4TH |
|
Greenville Spinners batting - Pitching for Greenwood Grizzlies : RHP Juan Cardona
|
|
Batting: RHB Richard Duran
|
0-0: Called Strike 0-1: Called Strike 0-2: Foul Ball, location: 2F 0-2: Hit by Pitch
|
|
Batting: RHB Glenn Robertson
|
0-0: Ball 1-0: Called Strike 1-1: Foul Ball, location: 2F 1-2: Reached on error, E8 (Flyball, 89M, EV 88.8 MPH) Richard Duran to second
|
|
Batting: RHB Michael McEvilly
|
0-0: Ball 1-0: Foul Ball, location: 2F 1-1: Ball 2-1: Fielders Choice at 2nd, 4-6 (Groundball, 4, EV 76.9 MPH) Richard Duran to third
|
|
Batting: RHB Darrell Woodard
|
0-0: Called Strike 0-1: Ball 1-1: Ball 2-1: Fly out, F9 (Flyball, 9LS, EV 81.3 MPH)
|
|
Batting: RHB Luis Salazar
|
0-0: Called Strike 0-1: Ball 1-1: Called Strike 1-2: Strikes out swinging
|
| Bottom of the 4th over - 0 runs, 0 hits, 1 error, 2 left on base; Greenwood 6 - Greenville 0 |
| TOP OF THE 5TH |
|
Greenwood Grizzlies batting - Pitching for Greenville Spinners : RHP Robert Hussey
|
|
Batting: LHB Daryl Boston
|
0-0: Ball 1-0: Foul Ball, location: 2F 1-1: Foul Ball, location: 2F 1-2: Fly out, F7 (Flyball, 7S, EV 87.5 MPH)
|
|
Batting: RHB Robert Weirum
|
0-0: Foul Ball, location: 2F 0-1: Ground out 4-3 (Groundball, 34, EV 101.3 MPH)
|
|
Batting: RHB Jim Sherman
|
0-0: Ball 1-0: Ball 2-0: Ball 3-0: Called Strike 3-1: Called Strike 3-2: SINGLE (Groundball, 6MD, EV 106.3 MPH)
|
|
Batting: RHB Frank Castro
|
0-0: Ball 1-0: Ball 2-0: DOUBLE (Flyball, 8RXD, EV 100.6 MPH) Jim Sherman to third Runner from 3rd tries for Home, SAFE, no throw by CF
|
|
Pitching: RHP Rafael Camarena
|
|
|
Batting: RHB Timothy Hume
|
0-0: Swinging Strike 0-1: Ball 1-1: Called Strike 1-2: SINGLE (Line Drive, 34, EV 98.1 MPH) Frank Castro to third
|
|
Batting: RHB Dave Gallagher
|
0-0: Foul Ball, location: 2F 0-1: SINGLE (Flyball, 8RS, EV 85.6 MPH) Frank Castro scores Timothy Hume to second
|
|
Batting: LHB John Flammang
|
0-0: Ball 1-0: DOUBLE (Line Drive, 7LS, EV 90.0 MPH) Timothy Hume scores Dave Gallagher to third Runner from 3rd tries for Home, SAFE, throw by LF to home
|
|
Batting: LHB Mike Greenwell
|
0-0: Ball 1-0: Ball 2-0: Ball Wild Pitch! John Flammang to third 3-0: Base on Balls
|
|
Batting: RHB Alfonso Gomez
|
0-0: Ball 1-0: Fielders Choice at 2nd, 6-4 (Groundball, 56, EV 96.3 MPH)
|
| Top of the 5th over - 4 runs, 5 hits, 0 errors, 2 left on base; Greenwood 10 - Greenville 0 |
| BOTTOM OF THE 5TH |
|
Greenville Spinners batting - Pitching for Greenwood Grizzlies : RHP Juan Cardona
|
|
Batting: RHB Tony Russell
|
0-0: Called Strike 0-1: Ball 1-1: Ground out 1-3 (Groundball, 15S, EV 68.8 MPH)
|
|
Batting: RHB Byron Peyton
|
0-0: Called Strike 0-1: Ball 1-1: Ball 2-1: Ball 3-1: Base on Balls
|
|
Batting: RHB Bobby Miscik
|
0-0: Ground out 5-3 (Groundball, 5S, EV 63.8 MPH) Byron Peyton to second
|
|
Batting: LHB John Edmonds
|
0-0: Ball 1-0: SINGLE (Groundball, 56, EV 103.8 MPH) (infield hit) Byron Peyton to third
|
|
Batting: RHB Richard Duran
|
0-0: Fielders Choice at 2nd, 6-4 (Groundball, 6, EV 83.1 MPH)
|
| Bottom of the 5th over - 0 runs, 1 hit, 0 errors, 2 left on base; Greenwood 10 - Greenville 0 |
| TOP OF THE 6TH |
|
Greenwood Grizzlies batting - Pitching for Greenville Spinners : RHP Rafael Camarena
|
|
Batting: LHB Daryl Boston
|
0-0: Ball 1-0: Ground out 4-3 (Groundball, 4M, EV 103.1 MPH)
|
|
Batting: RHB Robert Weirum
|
0-0: Ball 1-0: Ground out 1-3 (Groundball, 15S, EV 68.8 MPH)
|
|
Batting: RHB Jim Sherman
|
0-0: Ball 1-0: Called Strike 1-1: Swinging Strike 1-2: Ball 2-2: Ball 3-2: SINGLE (Line Drive, 9S, EV 88.1 MPH)
|
|
Batting: RHB Frank Castro
|
0-0: Fly out, F7 (Flyball, 7D, EV 97.5 MPH)
|
| Top of the 6th over - 0 runs, 1 hit, 0 errors, 1 left on base; Greenwood 10 - Greenville 0 |
| BOTTOM OF THE 6TH |
|
Greenville Spinners batting - Pitching for Greenwood Grizzlies : RHP Juan Cardona
|
|
Batting: RHB Glenn Robertson
|
0-0: Called Strike 0-1: Ball 1-1: Fly out, F7 (Flyball, 78S, EV 88.1 MPH)
|
|
Batting: RHB Michael McEvilly
|
0-0: Ball 1-0: Ball 2-0: Ball 3-0: Base on Balls
|
|
Batting: RHB Darrell Woodard
|
0-0: Swinging Strike 0-1: Foul Ball, location: 2F 0-2: Strikes out swinging Michael McEvilly steals 2nd base (no throw) Batter strikes out.
|
|
Batting: RHB Luis Salazar
|
0-0: Ball 1-0: Foul Ball, location: 2F 1-1: Fly out, F7 (Flyball, 78S, EV 90.0 MPH)
|
| Bottom of the 6th over - 0 runs, 0 hits, 0 errors, 1 left on base; Greenwood 10 - Greenville 0 |
| TOP OF THE 7TH |
|
Greenwood Grizzlies batting - Pitching for Greenville Spinners : RHP Rafael Camarena
|
|
Batting: RHB Timothy Hume
|
0-0: Called Strike 0-1: Ball 1-1: Ball 2-1: Foul Ball, location: 2F 2-2: Ball 3-2: Base on Balls
|
|
Pinch Hitting: RHB Robert Bohnet
|
0-0: Reached on error, E5 (Groundball, 56, EV 103.8 MPH) Timothy Hume to second
|
|
Batting: LHB John Flammang
|
0-0: Ball 1-0: Ball 2-0: DOUBLE (Flyball, 8RD, EV 98.1 MPH) Timothy Hume scores Robert Bohnet to third
|
|
Pitching: LHP Daniel Brown
|
|
|
Batting: LHB Mike Greenwell
|
0-0: Ball 1-0: Fly out, F5 (Popup, 5SF, EV 69.4 MPH)
|
|
Batting: RHB Alfonso Gomez
|
0-0: Called Strike 0-1: Ball 1-1: Foul Ball, location: 2F 1-2: Ball 2-2: Ball 3-2: Ground out 5-3 (Groundball, 56S, EV 86.3 MPH) Robert Bohnet scores
|
|
Pinch Hitting: LHB Jim Watkins
|
0-0: Ball 1-0: Foul Ball, location: 2F 1-1: Called Strike 1-2: Strikes out looking
|
| Top of the 7th over - 2 runs, 1 hit, 1 error, 1 left on base; Greenwood 12 - Greenville 0 |
| BOTTOM OF THE 7TH |
|
Greenville Spinners batting - Pitching for Greenwood Grizzlies : RHP Juan Cardona
|
|
Now in CF: Jim Watkins
|
|
|
Now in RF: Wes Wesley
|
|
|
Batting: RHB Tony Russell
|
0-0: Foul Ball, location: 2F 0-1: Ball 1-1: TRIPLE (Line Drive, 89XD, EV 110.0 MPH)
|
|
Batting: RHB Byron Peyton
|
0-0: Called Strike 0-1: Swinging Strike 0-2: Ball 1-2: Ball 2-2: Ball 3-2: Base on Balls
|
|
Pinch Hitting: SHB David Miller
|
0-0: Foul Ball, location: 2F 0-1: Ball 1-1: Called Strike 1-2: Ball 2-2: Ball 3-2: Foul Ball, location: 2F 3-2: Base on Balls Byron Peyton to second
|
|
Batting: LHB John Edmonds
|
0-0: Called Strike 0-1: Called Strike 0-2: Strikes out swinging
|
|
Batting: RHB Richard Duran
|
0-0: Ball 1-0: Called Strike 1-1: Ball 2-1: Grounds into double play, 5-4-3 (Groundball, 5, EV 86.3 MPH)
|
| Bottom of the 7th over - 0 runs, 1 hit, 0 errors, 2 left on base; Greenwood 12 - Greenville 0 |
| TOP OF THE 8TH |
|
Greenwood Grizzlies batting - Pitching for Greenville Spinners : LHP Daniel Brown
|
|
Now at 1B: Ronald Carapezzi
|
|
|
Batting: RHB Robert Weirum
|
0-0: Swinging Strike 0-1: Called Strike 0-2: Foul Ball, location: 2F 0-2: Strikes out swinging
|
|
Batting: RHB Jim Sherman
|
0-0: Ball 1-0: Ball 2-0: Fly out, F8 (Flyball, 89D, EV 98.8 MPH)
|
|
Batting: RHB Frank Castro
|
0-0: Called Strike 0-1: Ball 1-1: Ball 2-1: Ball 3-1: Foul Ball, location: 2F 3-2: Foul Ball, location: 2F 3-2: Base on Balls
|
|
Batting: RHB Timothy Hume
|
0-0: Ball 1-0: Ball 2-0: Ball 3-0: Called Strike 3-1: Base on Balls Frank Castro to second
|
|
Batting: RHB Wes Wesley
|
0-0: Called Strike 0-1: Ball 1-1: Ball 2-1: Ball 3-1: Foul Ball, location: 2F 3-2: Base on Balls Frank Castro to third Timothy Hume to second
|
|
Batting: LHB John Flammang
|
0-0: Ground out U3 (Groundball, 3, EV 106.3 MPH)
|
| Top of the 8th over - 0 runs, 0 hits, 0 errors, 3 left on base; Greenwood 12 - Greenville 0 |
| BOTTOM OF THE 8TH |
|
Greenville Spinners batting - Pitching for Greenwood Grizzlies : RHP Juan Cardona
|
|
Batting: RHB Glenn Robertson
|
0-0: Ball 1-0: Ball 2-0: Fly out, F7 (Flyball, 7D, EV 74.4 MPH)
|
|
Batting: RHB Michael McEvilly
|
0-0: Called Strike 0-1: Foul Ball, location: 2F 0-2: Ground out 4-3 (Groundball, 4, EV 100.0 MPH)
|
|
Batting: RHB Darrell Woodard
|
0-0: Called Strike 0-1: Fly out, F8 (Flyball, 78XD, EV 104.4 MPH)
|
| Bottom of the 8th over - 0 runs, 0 hits, 0 errors, 0 left on base; Greenwood 12 - Greenville 0 |
| TOP OF THE 9TH |
|
Greenwood Grizzlies batting - Pitching for Greenville Spinners : LHP Daniel Brown
|
|
Batting: LHB Mike Greenwell
|
0-0: Ball 1-0: Foul Ball, location: 2F 1-1: SOLO HOME RUN (Flyball, 89XD, EV 102.5 MPH), Distance : 397 ft
|
|
Pitching: LHP Thomas Fiesthumel
|
|
|
Batting: RHB Alfonso Gomez
|
0-0: Called Strike 0-1: SINGLE (Line Drive, 78M, EV 104.4 MPH)
|
|
Batting: LHB Jim Watkins
|
0-0: Fielders Choice at 2nd, 4-6 (Groundball, 4, EV 81.9 MPH)
|
|
Batting: RHB Robert Weirum
|
0-0: Called Strike 0-1: Called Strike 0-2: Ball 1-2: SINGLE (Flyball, 3D, EV 91.3 MPH) Jim Watkins to second
|
|
Batting: RHB Jim Sherman
|
0-0: Foul Ball, location: 2F 0-1: Swinging Strike 0-2: Foul Ball, location: 2F 0-2: Strikes out looking
|
|
Batting: RHB Frank Castro
|
0-0: Called Strike 0-1: Ball 1-1: Called Strike 1-2: SINGLE (Line Drive, 4MD, EV 98.8 MPH) Jim Watkins to third Robert Weirum to second Runner from 3rd tries for Home, SAFE, throw by CF to home
|
|
Batting: RHB Timothy Hume
|
0-0: Foul Ball, location: 2F 0-1: Ball 1-1: Ball 2-1: Ball 3-1: Foul Ball, location: 2F 3-2: Base on Balls Robert Weirum to third Frank Castro to second
|
|
Batting: RHB Wes Wesley
|
0-0: Foul Ball, location: 2F 0-1: Ball 1-1: Called Strike 1-2: Foul Ball, location: 2F 1-2: Foul Ball, location: 2F 1-2: Ball 2-2: Fielders Choice at 2nd, 6-4 (Groundball, 6, EV 88.8 MPH)
|
| Top of the 9th over - 2 runs, 4 hits, 0 errors, 3 left on base; Greenwood 14 - Greenville 0 |
| BOTTOM OF THE 9TH |
|
Greenville Spinners batting - Pitching for Greenwood Grizzlies : RHP Juan Cardona
|
|
Batting: RHB Luis Salazar
|
0-0: Ball 1-0: Ball 2-0: Called Strike 2-1: Swinging Strike 2-2: Ball 3-2: Foul Ball, location: 2F 3-2: Base on Balls
|
|
Batting: RHB Tony Russell
|
0-0: Ball 1-0: Foul Ball, location: 2F 1-1: Ball 2-1: Fly out, F9 (Flyball, 9S, EV 80.0 MPH)
|
|
Batting: RHB Byron Peyton
|
0-0: Foul Ball, location: 2F 0-1: Grounds into double play, 5-4-3 (Groundball, 56S, EV 78.8 MPH)
|
| Bottom of the 9th over - 0 runs, 0 hits, 0 errors, 0 left on base; Greenwood 14 - Greenville 0 |
|